 Dungeon Crawl Stone Soup version 0.29-a0-577-gafbf2c5d25 (webtiles) character file.

Game seed: 10547882908462866580

3 happo123 the Sneak (level 1, 0/13 HPs)
             Began as a Vampire Enchanter on June 13, 2022.
             Slain by a rat (2 damage)
             ... on level 1 of the Dungeon.
             The game lasted 00:01:08 (106 turns).

happo123 the Sneak (Vampire Enchanter)               Turns: 106, Time: 00:01:09

Health: 0/13       AC:  2    Str:  7    XL:     1   Next: 41%
Magic:  3/3        EV: 12    Int: 17    God:
Gold:   23         SH:  0    Dex: 14    Spells: 4/4 levels left

rFire   . . .      SeeInvis +   a - +1 dagger
rCold   . . .      Faith    .   (no shield)
rNeg    . . .      Spirit   .   b - +0 robe
rPois   .          Reflect  .   (no helmet)
rElec   .          Harm     .   (no cloak)
rCorr   .          Rampage  .   (no gloves)
Will    .....                   (no boots)
Stlth   +++.......              (no amulet)
HPRegen 0.24/turn               (no ring)
MPRegen 0.08/turn               (no ring)

@: healing quickly
A: alive, fangs 3, see invisible, vampiric 1
a: Exsanguinate


You were on level 1 of the Dungeon.
You visited 1 branch of the dungeon, and saw 1 of its levels.

You collected 23 gold pieces.

Inventory:

Hand Weapons
 a - a +1 dagger (weapon)
Armour
 b - a +0 robe (worn)
Jewellery
 d - a ring of protection from fire
Potions
 c - 2 potions of invisibility


   Skills:
 + Level 0.0 Fighting
 + Level 1.1 Short Blades
 + Level 2.2 Dodging
 * Level 4.5 Stealth
 + Level 2.0 Spellcasting
 * Level 4.5 Hexes


You had 4 spell levels left.
You didn't know any spells.
Your spell library contained the following spells:

 Spells                   Type           Power      Damage    Failure   Level
 Confusing Touch          Hex            17%        N/A       9%          3
 Tukima's Dance           Hex            17%        N/A       9%          3
 Ensorcelled Hibernation  Hex/Ice        18%        N/A       12%         2
 Dazzling Flash           Conj/Hex       18%        N/A       22%         3


Dungeon Overview and Level Annotations

Branches:
Dungeon (1/15)

Altars:


Innate Abilities, Weirdness & Mutations

Your natural rate of healing is accelerated.
You have razor-sharp teeth.
You have supernaturally acute eyesight. (SInv)
You are afflicted with vampirism.


Message History

The bat hits you.
The kobold hits you with a +0 short sword.
The frilled lizard closely misses you. The bat hits you but does no damage.
The frilled lizard closely misses you.
The rat twitches its whiskers.
The frilled lizard closely misses you. The kobold closely misses you.
The bat attacks as you move away! The bat hits you.
The kobold attacks as you move away! The kobold barely misses you.
Found an escape hatch in the floor.
The bat hits you. The bat completely misses you. The frilled lizard bites you.
The bat attacks as you move away! The bat completely misses you.
The ball python barely misses you. The ball python grabs you.
The ball python constricts you. The bat hits you but does no damage.
The ball python bites you but does no damage.
The ball python constricts you.
* * * LOW HITPOINT WARNING * * *
You escape the ball python's grasp.
The rat attacks as you move away! The rat bites you but does no damage.
The bat hits you but does no damage. The bat hits you but does no damage.
An endoplasm comes into view.
The bat hits you but does no damage.
A giant cockroach comes into view.
The rat attacks as you move away! The rat barely misses you.
The bat attacks as you move away! The bat hits you but does no damage. x2
The bat attacks as you move away! The bat barely misses you.
The rat attacks as you move away! The rat barely misses you. The bat hits you.
The bat closely misses you. The bat hits you.
* * * LOW HITPOINT WARNING * * *
The bat attacks as you move away! The bat hits you but does no damage. x2
The rat attacks as you move away! The rat barely misses you.
A rat comes into view.
You hit the bat but do no damage. The bat misses you.
The bat hits you but does no damage.
You hit the bat.
You kill the bat!
You barely miss the rat. The rat bites you.
* * * LOW HITPOINT WARNING * * *
You barely miss the rat. The rat bites you.
You die...

#.#####..>.....
#.# ##.....##.
#.# #.........
#.# #.l.....#.
#..#......
###.S..##...
#..Sl### #J.
#.##r# .. #.
#@# # #.# #.#
... ..# ...#
.r.# .....


You could see 2 ball pythons, 2 frilled lizards and 2 rats.

Vanquished Creatures
  A hobgoblin (D:1)
  A ball python (D:1)
  A bat (D:1)
  A rat (D:1)
4 creatures vanquished.

Notes
Turn   | Place    | Note
-------+----------+-------------------------------------------
     0 | D:1      | happo123 the Vampire Enchanter began the quest for the Orb.
     0 | D:1      | Reached XP level 1. HP: 13/13 MP: 3/3
    73 | D:1      | Found a faded altar of an unknown god.
    74 | D:1      | Noticed a floating eye
    76 | D:1      | Noticed a shining eye
    76 | D:1      | Noticed a great orb of eyes
    76 | D:1      | Noticed a shining eye
   106 | D:1      | Slain by a rat

Illustrated notes

Levels and vault maps discovered:
D:1:      minmay_arrival_up_and_down, layout_rooms,
          hellmonk_ecumenical_altar_watching_god, minmay_misc_feat_diagonals

Action                   || total
-------------------------++-------
Melee: Dagger            ||    11
 Stab: Sleeping          ||     1
Armor: Robe              ||    16
Dodge: Dodged            ||    21

Table legend: (Time is in decaauts)
 A = Elapsed time spent in this place.
 B = Non-inter-level travel time spent in this place.
 C = Inter-level travel time spent in this place.
 D = Time resting spent in this place.
 E = Time spent auto-exploring this place.
 F = Levels seen in this place.
 G = Mean time per level.
                   A        B        C        D        E       F      G
               +--------+--------+--------+--------+--------+-----+--------+
         Total |    105 |    105 |      0 |      0 |     49 |   1 |  105.0 |
       Dungeon |    105 |    105 |      0 |      0 |     49 |   1 |  105.0 |
               +--------+--------+--------+--------+--------+-----+--------+

Top non-repeatable levels by time:
     D:1: 105 daAuts
